 Dungeon Crawl Stone Soup version 0.22-a0-322-g60b3cfd (webtiles) character file.

75 sankara the Slasher (level 4, 0/30 HPs)
             Began as a Halfling Fighter on Apr 2, 2018.
             Slain by a goblin (4 damage)
             ... led by Robin
             ... on level 2 of the Dungeon.
             The game lasted 00:04:37 (1346 turns).

sankara the Slasher (Halfling Fighter)              Turns: 1346, Time: 00:04:38

Health: 0/30       AC:  9    Str: 17    XL:     4   Next: 55%
Magic:  4/4        EV:  6    Int:  6    God:
Gold:   64         SH:  9    Dex: 14    Spells: 3/3 levels left

rFire    . . .     SeeInvis .   a - +0 long sword
rCold    . . .     Gourm    .   c - +0 shield
rNeg     . . .     Faith    .   g - +0 chain mail (curse)
rPois    .         Spirit   .   (no helmet)
rElec    .         Reflect  .   (no cloak)
rCorr    .         Harm     .   (no gloves)
MR       .....                  (no boots)
Stlth    ..........             (no amulet)
HPRegen  0.10/turn              (no ring)
MPRegen  0.09/turn              (no ring)

@: no status effects
A: small, mutation resistance 1
a: no special abilities


You were on level 2 of the Dungeon.
You were not hungry.

You visited 1 branch of the dungeon, and saw 2 of its levels.

You collected 64 gold pieces.

Inventory:

Hand Weapons
 a - a +0 long sword (weapon)
 b - a +0 hunting sling
   (You found it on level 1 of the Dungeon)
Missiles
 i - 24 stones (quivered)
Armour
 c - a +0 shield (worn)
 g - a cursed +0 chain mail (worn)
   (You found it on level 1 of the Dungeon)
Scrolls
 k - 4 scrolls of teleportation {unknown}
 m - a scroll of enchant weapon {unknown}
 n - a scroll of blinking {unknown}
 p - a scroll of noise {unknown}
 t - a scroll of amnesia {unknown}
 u - a scroll of fog {unknown}
 v - a scroll of enchant armour {unknown}
Potions
 d - a potion of might
 e - a potion of haste {unknown}
 h - a potion of degeneration {unknown}
 j - 2 potions of agility {unknown}
 o - a potion of heal wounds {unknown}
 q - a potion of magic {unknown}
 r - a potion of brilliance {unknown}
 s - a potion of invisibility {unknown}
 w - a potion of lignification {unknown}
Comestibles
 f - 3 rations
 l - 10 chunks of flesh {@w0}


   Skills:
 - Level 2.6 Fighting
 + Level 3.7 Long Blades
 + Level 3.2 Slings
 - Level 3.2 Armour
 - Level 3.2 Shields


You had 3 spell levels left.
You didn't know any spells.

Dungeon Overview and Level Annotations

Branches:
Dungeon (2/15)

Altars:

Annotations:
D:2 Robin


Innate Abilities, Weirdness & Mutations

You are small and have problems with some larger weapons.
You are somewhat resistant to further mutation.


Message History

l - 11 chunks of flesh {@w0} (gained 3)
Items here: ))) [ ÷÷ a club; a dagger; a club; a chain mail; a goblin skeleton; a hobgoblin skeleton You start resting.
Eating one of 11 chunks of flesh {@w0}.
You eat one of the 11 chunks of flesh {@w0}.
This raw flesh tastes terrible.
HP restored.
Items here: ))) [ ÷÷ a club; a dagger; a club; a chain mail; a goblin skeleton; a hobgoblin skeleton
There is an open door here.
A goblin comes into view. It is wielding a dagger.
A goblin is nearby!
The goblin shouts!
You hear a shout!
Robin shouts!
You hear a shout!
Robin throws the goblin at you!
The goblin shouts!
You hit the goblin.
The goblin is heavily wounded.
You hear a shout! x2
The goblin hits you but does no damage.
Robin roars a battlecry!
The goblins go into a battle-frenzy!
You block the goblin's attack.
A hobgoblin comes into view.
You hit the goblin.
You kill the goblin!
The goblin hits you but does no damage.
You hit the goblin.
You kill the goblin!
A goblin and a hobgoblin come into view.
You see here a dagger.
Robin hits you but does no damage.
The hobgoblin hits you but does no damage.
You block the hobgoblin's attack.
You see here a battleaxe.
You closely miss the hobgoblin. Robin throws the goblin at you!
The hobgoblin hits you with a club.
The hobgoblin hits you but does no damage.
You block the goblin's attack. Robin hits you from afar with a spear.
You slash the hobgoblin!
You kill the hobgoblin!
You block the hobgoblin's attack. You block the goblin's attack.
You block Robin's attack. The hobgoblin closely misses you.
You barely miss the hobgoblin. The goblin hits you but does no damage.
Robin hits you but does no damage. The hobgoblin barely misses you.
You block the goblin's attack. You block the hobgoblin's attack.
Robin hits you but does no damage.
You hit the hobgoblin.
The hobgoblin is almost dead.
The hobgoblin hits you but does no damage.
You block the goblin's attack.
The hobgoblin hits you but does no damage.
Robin hits you but does no damage.
You hit the hobgoblin.
You kill the hobgoblin!
The hobgoblin no longer looks unusually strong.
The goblin hits you. The hobgoblin hits you. You block Robin's attack.
You are too injured to fight recklessly!
You are too injured to fight recklessly!
You are too injured to fight recklessly!
Your shield and chain mail prevent you from hitting the hobgoblin.
The goblin no longer looks unusually strong.
The goblin hits you but does no damage. You block the hobgoblin's attack.
Robin zaps a wand.
The puff of flame hits you!
* * * LOW HITPOINT WARNING * * *
It is a wand of flame (25).
You hit the hobgoblin.
The hobgoblin is heavily wounded.
The goblin closely misses you. You block the hobgoblin's attack.
Robin hits you but does no damage.
The hobgoblin hits you but does no damage.
The goblin barely misses you.
Robin roars a battlecry!
The goblins go into a battle-frenzy!
You slash the hobgoblin!
You kill the hobgoblin!
You block the goblin's attack. You block Robin's attack.
Robin barely misses you.
You closely miss Robin. The goblin hits you but does no damage.
Robin hits you but does no damage.
You hit Robin.
Robin is moderately wounded.
The goblin hits you but does no damage.
Robin zaps a wand.
The puff of flame hits you!
* * * LOW HITPOINT WARNING * * *
Your chain mail prevents you from hitting Robin.
Robin is lightly wounded.
You block the goblin's attack. Robin hits you but does no damage.
You block the goblin's attack.
Robin zaps a wand.
The puff of flame hits you!
You hit Robin.
Robin is moderately wounded.
The goblin hits you but does no damage. Robin completely misses you.
You closely miss Robin.
Robin is moderately wounded.
The goblin hits you but does no damage. Robin hits you but does no damage.
You hit Robin.
Robin is severely wounded.
The goblin hits you.
You die...

..♣♣.............................
P.♣#.#......).....#........######
♣♣...............................
♣............................#...
.....#.........#.......)....#####
................)................
...............)..........#.#####
#...[..........)g.........#..#
#.....###.##..†)@.........##.#
................g.........# .#
#####...................... ..
........................... ...
........................... ..
......#.......)............#
#####.#................. #
#.........$.......
#.................


You could see Robin and a goblin.

Vanquished Creatures
  2 adders (D:2)
  An ooze (D:2)
  A dart slug (D:2)
  A leopard gecko (D:1)
  2 giant cockroaches
  8 goblins
  9 hobgoblins
  7 jackals
  7 bats
  2 frilled lizards (D:2)
  3 kobolds
  3 rats (D:1)
46 creatures vanquished.

Notes
Turn   | Place    | Note
-------+----------+-------------------------------------------
     0 | D:1      | sankara the Halfling Fighter began the quest for the Orb.
     0 | D:1      | Reached XP level 1. HP: 15/15 MP: 1/1
    46 | D:1      | Reached XP level 2. HP: 8/20 MP: 2/2
   432 | D:1      | Reached skill level 3 in Long Blades
   436 | D:1      | Reached skill level 1 in Slings
   546 | D:1      | Reached XP level 3. HP: 23/25 MP: 3/3
   994 | D:2      | Reached skill level 2 in Slings
  1083 | D:2      | Reached XP level 4. HP: 22/30 MP: 4/4
  1132 | D:2      | Reached skill level 3 in Slings
  1138 | D:2      | Noticed Robin
  1337 | D:2      | HP: 6/30 [Robin/wand of flame (26) (13)]
  1342 | D:2      | HP: 4/30 [Robin/wand of flame (25) (3)]
  1346 | D:2      | Slain by a goblin

Vault maps used:
D:1:      lemuel_arrival_room, minmay_misc_feat_square
D:2:      serial_forest, infiniplex_forest_clump_curved,
          infiniplex_forest_lined_3, infiniplex_forest_clump_diagonal,
          infiniplex_forest_straight_2, infiniplex_forest_lined_corner,
          infiniplex_forest_clump_cross, infiniplex_forest_end_double,
          infiniplex_forest_lined_4_way, uniq_robin

Skill      XL: |  1  2  3  4 |
---------------+-------------+-----
Long Blades    | 3 |  3.7
Slings         | 1 2 3 |  3.2
Fighting       | |  2.6
Armour         | |  3.2
Shields        | |  3.2

Action                   |  1- 3 |  4- 6 || total
-------------------------+-------+-------++-------
Melee: Long sword        |   130 |    51 ||   181
  Eat: Chunk             |     1 |     1 ||     2
Armor: Scale mail        |    33 |       ||    33
       Chain mail        |    58 |    37 ||    95
Dodge: Dodged            |    64 |    14 ||    78
Block: Shield            |    81 |    31 ||   112
       Rpst.: Long sword |    23 |     2 ||    25

Table legend:
 A = Spawn XP
 B = Non-spawn XP
 C = Spawn XP percentage of total XP
 D = Spawn monster count
 E = Non-spawn monster count
 F = Spawn count percentage of total count
 G = Total turns spent on level
                    A         B        C        D         E        F      G
               +---------+---------+-------+---------+---------+-------+---------
         Total |       0 |     108 |   0.0 |       0 |      46 |   0.0 |  1346
               +---------+---------+-------+---------+---------+-------+---------
           D:1 |       0 |      35 |   0.0 |       0 |      21 |   0.0 |   834
           D:2 |       0 |      73 |   0.0 |       0 |      25 |   0.0 |   512
               +---------+---------+-------+---------+---------+-------+---------

Vault maps used:
D:1:      lemuel_arrival_room, minmay_misc_feat_square
D:2:      serial_forest, infiniplex_forest_clump_curved,
          infiniplex_forest_lined_3, infiniplex_forest_clump_diagonal,
          infiniplex_forest_straight_2, infiniplex_forest_lined_corner,
          infiniplex_forest_clump_cross, infiniplex_forest_end_double,
          infiniplex_forest_lined_4_way, uniq_robin

Table legend:
 A = Turns spent in this place as a percentage of turns spent in the entire game.
 B = Non-inter-level travel turns spent in this place as a percentage of non-inter-level travel turns spent in the entire game.
 C = Inter-level travel turns spent in this place as a percentage of turns spent in this place.
 D = Turns resting spent in this place as a percentage of non-inter-level travel turns spent in this place.
 E = Turns spent auto-exploring this place as a percentage of non-inter-level travel turns spent in this place.
 F = Non-inter-level travel turns spent in this place divided by the number of levels of this place that you've seen.
                   A       B       C       D       E      F
               +-------+-------+-------+-------+-------+----------------------
         Total | 100.0 | 100.0 |   2.3 |  20.5 |  44.9 | 657.5
       Dungeon | 100.0 | 100.0 |   2.3 |  20.5 |  44.9 | 657.5
               +-------+-------+-------+-------+-------+----------------------

Table legend:
 A = Kills in this place as a percentage of kills in entire the game.
 B = Kills by you in this place as a percentage of kills by you in the entire game.
 C = Kills by friends in this place as a percentage of kills by friends in the entire game.
 D = Other kills in this place as a percentage of other kills in the entire game.
 E = Experience gained in this place as a percentage of experience gained in the entire game.
 F = Experience gained in this place divided by the number of levels of this place that you have seen.
                   A       B       C       D       E      F
               +-------+-------+-------+-------+-------+----------------------
         Total | 100.0 | 100.0 |   N/A |   N/A | 100.0 |  54.0
       Dungeon | 100.0 | 100.0 |   N/A |   N/A | 100.0 |  54.0
               +-------+-------+-------+-------+-------+----------------------
